 Dungeon Crawl Stone Soup version 0.24.1-8-ga250c9d538 (webtiles) character file.

Game seed: 1206308306651293814, levelgen mode: deterministic

171 Peloso the Shield-Bearer (level 5, -3/41 HPs)
             Began as a Demonspawn Fighter on May 8, 2020.
             Killed by nerve-wracking pain
             ... invoked by an orc priest
              (8 damage)
             ... on level 4 of the Dungeon.
             The game lasted 00:04:37 (2366 turns).

Peloso the Shield-Bearer (Demonspawn Fighter)       Turns: 2366, Time: 00:04:38

Health: -3/41      AC: 16    Str: 18    XL:     5   Next: 26%
Magic:  5/5        EV:  7    Int:  9    God:
Gold:   144        SH:  9    Dex: 12    Spells: 4/4 levels left

rFire    + . .     SeeInvis .   a - +0 long sword
rCold    . . .     Gourm    .   c - +0 shield
rNeg     . . .     Faith    .   b - +0 scale mail
rPois    +         Spirit   .   (no helmet)
rElec    .         Reflect  .   r - +0 cloak
rCorr    .         Harm     .   m - +0 pair of gloves
MR       .....                  t - +0 pair of boots
Stlth    ..........             k - amulet of the acrobat
HPRegen  0.13/turn              j - ring of poison resistance
MPRegen  0.09/turn              n - +4 ring of protection

@: no status effects
A: iridescent scales 1, fire resistance 1, spiny 1
a: no special abilities


You were on level 4 of the Dungeon.
You were very hungry.

You visited 1 branch of the dungeon, and saw 4 of its levels.

You collected 144 gold pieces.

Inventory:

Hand Weapons
 a - a +0 long sword (weapon)
Armour
 b - a +0 scale mail (worn)
 c - a +0 shield (worn)
 m - a +0 pair of gloves (worn)
 r - a +0 cloak (worn)
 t - a +0 pair of boots (worn)
Jewellery
 j - a ring of poison resistance (left hand)
 k - an amulet of the acrobat (around neck)
 n - a +4 ring of protection (right hand)
 q - an uncursed ring of protection from fire {unknown}
 s - an uncursed ring of stealth {unknown}
Wands
 u - a wand of flame (21)
 v - a wand of random effects (18)
Scrolls
 e - a scroll of fear {unknown}
 g - 4 scrolls of identify {unknown}
 o - 2 scrolls of magic mapping {unknown}
 p - a scroll of teleportation {unknown}
 w - a scroll of amnesia {unknown}
 y - a scroll of remove curse {unknown}
Potions
 d - a potion of might
 h - 3 potions of flight {unknown}
 i - a potion of haste {unknown}
 l - 2 potions of curing {unknown}
 x - a potion of magic {unknown}
Comestibles
 f - 7 rations


   Skills:
 + Level 3.4 Fighting
 + Level 2.9 Long Blades
 + Level 3.2 Armour
 + Level 1.1 Dodging
 + Level 0.1 Stealth
 + Level 3.9 Shields


You had 4 spell levels left.
You didn't know any spells.
Your spell library was empty.

Dungeon Overview and Level Annotations

Branches:
Dungeon (4/15)
 Temple: D:4-7

Altars:
Gozag
Hepliaklqana
Trog
Vehumet


Innate Abilities, Weirdness & Mutations

You are partially covered in iridescent scales. (AC +2)
Your flesh is heat resistant. (rF+)
You are partially covered in sharp spines.


Message History

Unknown command.
You closely miss the orc priest. You block the orc wizard's attack.
You block the orc priest's attack. You block the orc wizard's attack.
Unknown command.
You hit the orc priest.
The orc priest is moderately wounded.
The orc wizard completely misses you.
The orc priest calls upon Beogh to heal the orc wizard.
The orc wizard is healed somewhat.
You block the orc wizard's attack.
You closely miss the orc priest.
The orc priest is moderately wounded.
The orc wizard looks encouraged for a moment.
The orc priest calls down the wrath of Beogh upon you.
Pain shoots through your body!
* * * LOW HITPOINT WARNING * * *
The orc wizard is struck by your spines.
The orc wizard hits you but does no damage.
The orc priest invokes the aid of Beogh against you.
Pain shoots through your body!
You die...

.. .# # . ..#.#
.# ...#.. ##.##
# #.....##....#
#.#.#........##
#.............
#....#...#
#....#...##
##.##.@o.(.##
#......o....##
.##.............
...<.#..#...##..
.....#..#.......
..........#....
..<......##...<
.......<..# ...
..........# ..


You could see an orc priest and an orc wizard.

Vanquished Creatures
  Terence (D:3)
  A worker ant (D:3)
  3 adders (D:3)
  An ooze (D:1)
  2 worms
  A dart slug (D:1)
  2 leopard geckos
  7 orcs
  5 giant cockroaches
  9 goblins
  3 hobgoblins
  8 jackals
  2 quokkas
  5 bats
  3 frilled lizards
  8 kobolds
  5 rats
66 creatures vanquished.

Notes
Turn   | Place    | Note
-------+----------+-------------------------------------------
     0 | D:1      | Peloso the Demonspawn Fighter began the quest for the Orb.
     0 | D:1      | Reached XP level 1. HP: 18/18 MP: 1/1
   185 | D:1      | Gained mutation: You are partially covered in iridescent
                  | scales. (AC +2) [demonic ancestry]
   185 | D:1      | Reached XP level 2. HP: 17/24 MP: 2/2
   465 | D:1      | Gained mutation: You are partially covered in sharp spines.
                  | [demonic ancestry]
   465 | D:1      | Reached XP level 3. HP: 12/29 MP: 3/3
   914 | D:2      | Found an opulent altar of Gozag.
  1049 | D:2      | Found a radiant altar of Vehumet.
  1049 | D:2      | Found a bloodstained altar of Trog.
  1049 | D:2      | Found a hazy altar of Hepliaklqana.
  1490 | D:3      | Reached XP level 4. HP: 29/35 MP: 4/4
  1705 | D:3      | Reached skill level 1 in Dodging
  1913 | D:3      | Noticed Terence
  1922 | D:3      | Killed Terence
  1922 | D:3      | Gained mutation: Your flesh is heat resistant. (rF+)
                  | [demonic ancestry]
  1922 | D:3      | Reached XP level 5. HP: 32/41 MP: 5/5
  2366 | D:4      | Killed from afar by an orc priest

Levels and vault maps discovered:
D:1:      erik_arrival_blinker_ship, layout_basic, minmay_shallow_snake_nest
D:2:      layout_basic, gammafunk_temple_overflow_claw, lemuel_doored_altar,
          chequers_avenue, hangedman_decor_peaks_small
D:3:      layout_loops_corners, first_ration, uniq_terence
D:4:      minmay_chambers_of_twos, layout_cave_pools, portal_sewer_entry_c,
          kennysheep_generic_room_4

Skill      XL: |  1  2  3  4 |
---------------+-------------+-----
Armour         | 3 |  3.2
Long Blades    | 2 |  2.9
Shields        | 3 |  3.9
Dodging        | 1 |  1.1
Fighting       | |  3.4
Stealth        | |  0.1

Action                   |  1- 3 |  4- 6 || total
-------------------------+-------+-------++-------
Melee: Long sword        |   135 |    58 ||   193
  Eat: Chunk             |     2 |     2 ||     4
Armor: Scale mail        |    76 |    22 ||    98
Dodge: Dodged            |    70 |    18 ||    88
Block: Shield            |    82 |    41 ||   123
       Rpst.: Long sword |    25 |     3 ||    28
